 Dungeon Crawl Stone Soup version 0.30.0-19-g36f170ea60 (webtiles) character file.

Game seed: 8081075225758789642

19530 Peloso the Blocker (level 12, -5/104 HPs)
             Began as a Minotaur Fighter on June 1, 2023.
             Was a High Priest of Okawaru.
             Slain by a komodo dragon (10 damage)
             ... on level 2 of the Lair of Beasts.
             The game lasted 00:28:37 (10253 turns).

Peloso the Blocker (Minotaur Fighter)              Turns: 10253, Time: 00:28:37

Health: -5/104     AC: 18    Str: 23    XL:     12   Next: 37%
Magic:  11/11      EV:  9    Int:  5    God:    Okawaru [*****.]
Gold:   606        SH: 19    Dex: 19    Spells: 11/11 levels left

rFire   + . .        c - +5 Force Lance {heavy, knockback}
rCold   . . .        d - +0 kite shield of Precision Catastrophes {rPois Will+ Regen+}
rNeg    . . .        K - +0 plate armour
rPois   +            (helmet restricted)
rElec   .            (no cloak)
rCorr   .            r - +0 pair of gloves
SInv    .            o - +0 pair of boots
Will    +....        i - amulet of reflection Stlth
                     f - +6 ring of dexterity
HPRegen 1.17/turn    y - ring of protection from fire
MPRegen 0.12/turn

%: reflection
@: about to teleport
A: horns 2, retaliatory headbutt
a: Renounce Religion, Heroism, Finesse, Duel


You were on level 2 of the Lair of Beasts.
You worshipped Okawaru.
Okawaru was extremely pleased with you.
You visited 3 branches of the dungeon, and saw 14 of its levels.
You also visited: Bailey.

You collected 862 gold pieces.
You spent 256 gold pieces at shops.

Inventory:

Hand Weapons
 a - a +3 long sword of flaming
 b - a +3 scimitar
 c - the +5 Force Lance (weapon) {heavy, knockback}
   (You found it on level 11 of the Dungeon)
Armour
 d - the +0 kite shield of Precision Catastrophes (worn) {rPois Will+ Regen+}
   (You bought it in a shop on level 2 of the Dungeon)

   rPois:     It protects you from poison.
   Regen:     It increases your rate of health regeneration.
   Will:      It increases your willpower.
 n - the +1 ring mail of Mojes {rElec Will+ Int+5}
   (Okawaru gifted it to you on level 11 of the Dungeon)

   Int:       It affects your intelligence (+5).
   rElec:     It insulates you from electricity.
   Will:      It increases your willpower.
 o - a +0 pair of boots (worn)
 r - a +0 pair of gloves (worn)
 K - a +0 plate armour (worn)
Jewellery
 f - a +6 ring of dexterity (left hand)
 i - an amulet of reflection (around neck)
 y - a ring of protection from fire (right hand)
 B - a ring of wizardry
 F - a +6 ring of intelligence
 H - a ring of resist corrosion
Wands
 w - a wand of light (3)
 x - a wand of digging (3)
 D - a wand of flame (27)
 E - a wand of roots (23)
 N - a wand of paralysis (5)
Scrolls
 j - a scroll of amnesia
 m - a scroll of magic mapping
 s - a scroll of fog
 u - 2 scrolls of enchant weapon
 z - a scroll of brand weapon
 C - a scroll of immolation
Potions
 e - 7 potions of might
 h - 2 potions of cancellation
 k - 4 potions of haste
 l - 7 potions of curing
 q - 3 potions of brilliance
 t - 6 potions of heal wounds
 v - 4 potions of flight
 A - 4 potions of resistance
 G - a potion of ambrosia
 I - 6 potions of invisibility
 J - 2 potions of mutation
Miscellaneous
 M - a box of beasts


   Skills:
 + Level 9.0 Fighting
 + Level 11.7 Long Blades
 + Level 7.8 Maces & Flails
 + Level 4.9 Polearms
 + Level 11.6 Armour
 + Level 4.2 Dodging
 + Level 0.7 Stealth
 + Level 13.6 Shields
 + Level 1.2 Invocations
 + Level 1.1 Evocations


You had 11 spell levels left.
You didn't know any spells.
Your spell library contained the following spells:

 Spells                   Type           Power      Damage    Failure   Level
 Beastly Appendage        Tmut           0%         N/A       100%        1
 Slow                     Hex            0%         N/A       100%        1
 Blink                    Tloc           0%         N/A       100%        2
 Wereblood                Tmut           0%         N/A       100%        2
 Confusing Touch          Hex            0%         N/A       100%        3
 Portal Projectile        Hex/Tloc       0%         N/A       100%        3
 Spider Form              Tmut/Pois      0%         N/A       100%        3
 Vampiric Draining        Necr           0%         2d6       100%        3
 Vhi's Electric Charge    Tloc/Air       0%         N/A       100%        3
 Leda's Liquefaction      Hex/Erth       0%         N/A       100%        4
 Manifold Assault         Tloc           0%         N/A       100%        4
 Arcjolt                  Conj/Air       0%         1d10      100%        5
 Plasma Beam              Fire/Air       0%         2x1d11    100%        6
 Storm Form               Tmut/Air       0%         N/A       100%        7
 Call Canine Familiar     Summ           Unusable   N/A       N/A         3

Dungeon Overview and Level Annotations

Branches:
Dungeon (11/15)            Temple (1/1) D:5            Lair (2/5) D:9
    Orc (0/2) D:11         Bailey (visited)
  Swamp: Lair:2-3    Shoals: Lair:2-3     Snake: Lair:2-3    Spider: Lair:2-3

Altars:
Ashenzari
Cheibriados
Dithmenos
Elyvilon
Fedhas
Gozag
Hepliaklqana
Kikubaaqudgha
Makhleb
Nemelex Xobeh
Okawaru
Qazlal
Sif Muna
Trog
Uskayaw
Wu Jian
Yredelemnul
The Shining One

Shops:
D:2 [   D:9 [


Innate Abilities, Weirdness & Mutations

You have a pair of horns on your head.
You reflexively headbutt those who attack you in melee.


Message History

The wolf is severely wounded.
You block the wolf's attack. x3; The wolf barely misses you.
You furiously retaliate!
You headbutt the wolf. The wolf bites you but does no damage.
Unknown command.
You puncture the wolf!
You kill the wolf!
Okawaru accepts your kill. The wolf barely misses you.
You block the wolf's attack. x2
The wolf bites you!
Unknown command.
You puncture the wolf!
You headbutt the wolf, but do no damage.
The wolf is moderately wounded.
You block the wolf's attack. x2; The komodo dragon bites you!!
* * * LOW HITPOINT WARNING * * *
The wolf bites you but does no damage. The komodo dragon bites you!
* * * LOW HITPOINT WARNING * * *
You block the wolf's attack.
As you read the scroll of teleportation, it crumbles to dust.
You feel strangely unstable. You block the wolf's attack. x2
The wolf completely misses you. You furiously retaliate!
You headbutt the wolf.
The komodo dragon bites you but does no damage.
Unknown command.
You completely miss the wolf.
The wolf is almost dead.
You block the wolf's attack. The wolf bites you.
* * * LOW HITPOINT WARNING * * *
The wolf closely misses you.
You block the five-headed hydra's attack.
The five-headed hydra bites you!
* * * LOW HITPOINT WARNING * * *
You block the five-headed hydra's attack.
The five-headed hydra bites you but does no damage.
The five-headed hydra closely misses you.
The wolf bites you but does no damage.
The komodo dragon bites you but does no damage.
The komodo dragon attacks as you move away!
The komodo dragon bites you!
You die...

##P..........# .#
#........##### ..
###÷.......# ... ..
###........### ##... .
#......#..##.# #......
###...[......# ........
#..........#####h....... #
###...........hh#.......
#.#.#...........@#...........
.........#.....l#Dh..........
.................h...........
....#.##.........†.....<.....
..#########..(.......$.......
## ##.................
#.................
#............P....
###......#........


You could see a five-headed hydra, a komodo dragon and 5 wolves.

Vanquished Creatures
  6 two-headed ogres
  An ugly thing (D:11)
  A manticore (D:11)
  2 elephants
  A black mamba (Lair:1)
  Joseph (D:7)
  Maggie (D:7)
  Maurice (D:8)
  3 komodo dragons
  3 cane toads
  2 kobold demonologists (D:11)
  A troll (D:10)
  A wyvern (D:8)
  23 yaks
  Eustachio (D:6)
  2 steam dragons (D:8)
  Grum (D:8)
  5 basilisks
  Menkaure (D:6)
  3 wargs (D:11)
  3 water moccasins
  2 acid dragons
  6 orc warriors
  A sky beast (D:7)
  2 black bears
  14 wolves
  An ogre (D:5)
  2 centaurs
  2 phantoms
  4 kobold brigands
  5 bullfrogs
  3 gnoll sergeants
  4 wights (D:8)
  12 killer bees
  3 electric eels (D:7)
  A howler monkey (D:6)
  4 hounds
  A jelly (D:6)
  9 orc priests
  2 gnoll boudas (D:9)
  3 sleepcaps
  3 iguanas
  13 orc wizards
  26 gnolls
  7 adders
  A shadow imp (D:8)
  An ufetubus (D:6)
  2 dart slugs
  50 orcs
  6 ball pythons
  2 endoplasms
  A giant cockroach (D:3)
  4 goblins
  5 hobgoblins
  12 jackals
  A quokka (D:3)
  4 bats
  3 frilled lizards
  25 kobolds
  4 rats
314 creatures vanquished.

Vanquished Creatures (others)
  A kobold brigand (D:9)
  2 orcs
  A kobold (D:9)
4 creatures vanquished.

Grand Total: 318 creatures vanquished

Notes
Turn   | Place    | Note
-------+----------+-------------------------------------------
     0 | D:1      | Peloso the Minotaur Fighter began the quest for the Orb.
     0 | D:1      | Reached XP level 1. HP: 19/19 MP: 0/0
   280 | D:1      | Reached XP level 2. HP: 27/27 MP: 1/1
   705 | D:2      | Found Moczizio's Antique Armour Shoppe.
   721 | D:2      | Found an opulent altar of Gozag.
   835 | D:2      | Reached skill level 4 in Shields
   835 | D:2      | Reached XP level 3. HP: 28/33 MP: 2/2
   876 | D:2      | Identified the +4 whip "Eserr" {pain, Dex+5}
  1515 | D:3      | Found a faded altar of an unknown god.
  1534 | D:3      | Reached skill level 1 in Dodging
  1534 | D:3      | Reached XP level 4. HP: 40/40 MP: 3/3
  1567 | D:3      | Found a stormy altar of Qazlal.
  1567 | D:3      | Noticed a phantom
  1588 | D:3      | Killed a phantom
  1589 | D:3      | Reached skill level 1 in Maces & Flails
  1589 | D:3      | Reached XP level 5. HP: 40/47 MP: 4/4
  1752 | D:3      | Reached skill level 5 in Armour
  2127 | D:3      | Found an ornate altar of the Wu Jian Council.
  2282 | D:4      | Found a broken altar of Ashenzari.
  2285 | D:4      | Found a snail-covered altar of Cheibriados.
  2731 | D:2      | Bought a translucent kite shield for 256 gold pieces
  2731 | D:2      | Identified the +0 kite shield of Precision Catastrophes
                  | {rPois Will+ Regen+} (You bought it in a shop on level 2 of
                  | the Dungeon)
  2836 | D:5      | Entered Level 5 of the Dungeon
  2985 | D:5      | Reached XP level 6. HP: 39/53 MP: 5/5
  3101 | D:5      | Reached skill level 5 in Shields
  3137 | D:5      | Found a staircase to the Ecumenical Temple.
  3177 | Temple   | Entered the Ecumenical Temple
  3269 | Temple   | Became a worshipper of Warmaster Okawaru
  3369 | D:5      | Identified the +8 morningstar "Upuck" {drain, rElec rPois
                  | rC- SInv}
  3371 | D:5      | Noticed an orc warrior
  3400 | D:4      | Killed an orc warrior
  3538 | D:5      | Reached XP level 7. HP: 60/60 MP: 6/6
  3663 | D:6      | Reached skill level 6 in Shields
  3679 | D:6      | Reached * piety under Okawaru
  3771 | D:6      | Noticed Menkaure
  3788 | D:6      | Killed Menkaure
  3789 | D:6      | Reached XP level 8. HP: 24/67 MP: 7/7
  3896 | D:6      | Reached skill level 5 in Fighting
  3896 | D:6      | Reached skill level 5 in Maces & Flails
  4020 | D:6      | Noticed Eustachio
  4050 | D:6      | Killed Eustachio
  4050 | D:6      | Reached ** piety under Okawaru
  4051 | D:6      | Reached skill level 7 in Shields
  4531 | D:7      | Noticed Joseph
  4541 | D:7      | Noticed Maggie
  4545 | D:7      | Killed Joseph
  4560 | D:7      | Killed Maggie
  4561 | D:7      | Reached skill level 8 in Shields
  4561 | D:7      | Reached XP level 9. HP: 46/75 MP: 6/8
  4720 | D:7      | Reached skill level 1 in Evocations
  4760 | D:7      | Reached *** piety under Okawaru
  4836 | D:7      | Found an ancient bone altar of Kikubaaqudgha.
  4837 | D:7      | Found a bloodstained altar of Trog.
  5239 | D:8      | Noticed Grum
  5256 | D:8      | Killed Grum
  5259 | D:8      | Reached skill level 5 in Long Blades
  5266 | D:8      | Reached skill level 9 in Shields
  5270 | D:8      | Reached **** piety under Okawaru
  5383 | D:8      | Found a white marble altar of Elyvilon.
  5384 | D:8      | Noticed a two-headed ogre
  5399 | D:8      | Killed a two-headed ogre
  5400 | D:8      | Reached XP level 10. HP: 73/84 MP: 5/9
  5536 | D:8      | Reached skill level 10 in Shields
  5705 | D:8      | Noticed Maurice
  5716 | D:8      | Killed Maurice
  5791 | D:9      | Found a flagged portal.
  5810 | Bailey   | Entered a bailey
  6443 | D:9      | Noticed an elephant
  6462 | D:9      | Killed an elephant
  6529 | D:9      | Reached ***** piety under Okawaru
  6778 | D:9      | Found a staircase to the Lair.
  6809 | D:9      | Reached skill level 11 in Shields
  6856 | D:9      | Reached skill level 10 in Armour
  6856 | D:9      | Reached XP level 11. HP: 87/92 MP: 10/10
  6890 | D:9      | Found Kaorev's Armour Shoppe.
  7117 | D:10     | Entered Level 10 of the Dungeon
  7395 | D:10     | Noticed a two-headed ogre
  7409 | D:10     | Killed a two-headed ogre
  7410 | D:10     | Reached skill level 10 in Long Blades
  7973 | D:11     | Noticed a two-headed ogre
  7985 | D:11     | Killed a two-headed ogre
  8081 | D:11     | Identified the +1 ring mail of Mojes {rElec Will+ Int+5}
                  | (Okawaru gifted it to you on level 11 of the Dungeon)
  8081 | D:11     | Received a gift from Okawaru
  8170 | D:11     | Noticed a green ugly thing
  8197 | D:11     | Killed a green ugly thing
  8251 | D:11     | Found a staircase to the Orcish Mines.
  8265 | D:11     | Reached skill level 12 in Shields
  8381 | D:11     | Noticed a two-headed ogre
  8387 | D:11     | Killed a two-headed ogre
  8427 | D:11     | Noticed a two-headed ogre
  8440 | D:11     | Killed a two-headed ogre
  8441 | D:11     | Reached skill level 1 in Invocations
  8533 | D:11     | Found a shadowy altar of Dithmenos.
  8578 | D:11     | Found the +5 Force Lance {heavy, knockback}
  8578 | D:11     | Noticed a two-headed ogre
  8591 | D:11     | Killed a two-headed ogre
  8945 | Lair:1   | Entered Level 1 of the Lair of Beasts
  9066 | Lair:1   | Reached skill level 1 in Polearms
  9080 | Lair:1   | Reached XP level 12. HP: 80/103 MP: 11/11
  9178 | Lair:1   | Found an ancient bone altar of Kikubaaqudgha.
  9504 | Lair:1   | Identified the +0 leather armour of Plasticity {rF++ MP+9
                  | Dex-5}
  9867 | Lair:2   | Reached skill level 13 in Shields
 10101 | Lair:2   | Received a gift from Okawaru
 10111 | Lair:2   | Noticed a five-headed hydra
 10252 | Lair:2   | HP: 5/104 [five-headed hydra (13)]
 10253 | Lair:2   | Slain by a komodo dragon

Illustrated notes

Levels and vault maps discovered:
D:1:      kennysheep_arrival_forest, layout_rooms, grunt_decor_clamped
D:2:      layout_basic, basic_altar, serial_shops,
          nicolae_shop_tiny_statue_garden
D:3:      layout_basic, nicolae_qazlal_scattered_showers,
          mainiacjoe_overflow_boulevard, nicolae_ecumenical_pavilion,
          serial_undead, serial_undead_d, serial_undead_c, serial_undead_e,
          serial_undead_b
D:4:      layout_cave_pools, mainiacjoe_overflow_catwalk_spiral
D:5:      layout_loops_cross, minmay_temple_entry_trees
D:6:      layout_loops_ring, uniq_menkaure, uniq_eustachio
D:7:      layout_basic, nicolae_overflow_squiral, uniq_maggie, uniq_joseph
D:8:      layout_rooms, mainiacjoe_overflow_tiny_flanked, uniq_grum,
          uniq_maurice
D:9:      layout_irregular_city, david_lair_generic, enter_bailey_4,
          serial_shops, shop
D:10:     layout_irregular_city, minmay_puff
D:11:     layout_gridville, minmay_orc_entry_guard_dogs,
          nicolae_dithmenos_the_darkroom
Temple:   bh_familiar_temple
Lair:1:   layout_roguey, basic_altar, nicolae_lair_lil_pond,
          minmay_shattered_shrine
Lair:2:   layout_hall_layers, dummy_spider_entry, grunt_forest_large_clearings

Skill      XL: |  1  2  3  4  5  6  7  8  9 10 11 12 |
---------------+-------------------------------------+-----
Fighting       | 4 5 6 7 8 9 |  9.0
Armour         | 4 5 6 7 8 9 10 11 | 11.6
Shields        | 4 5 6 8 9 11 12 13 | 13.6
Long Blades    | 3 6 9 11 | 11.7
Dodging        | 1 2 3 4 |  4.2
Maces & Flails | 1 2 3 4 7 |  7.8
Evocations     | 1 |  1.1
Invocations    | 1 |  1.2
Polearms       | 2 4 |  4.9
Stealth        | |  0.7

Action                     |  1- 3 |  4- 6 |  7- 9 | 10-12 || total
---------------------------+-------+-------+-------+-------++-------
  Melee: Long sword        |    35 |       |    81 |   476 ||   592
         Headbutt          |    10 |    22 |    48 |   128 ||   208
         Whip              |    31 |   116 |   152 |       ||   299
         Lance             |       |       |       |   144 ||   144
 Invoke: Heroism           |       |       |     3 |    10 ||    13
  Evoke: Wand              |       |       |     5 |     1 ||     6
    Use: Potion            |     1 |       |       |     1 ||     2
         Scroll            |       |       |       |    23 ||    23
 Armour: Scale mail        |    47 |    24 |       |       ||    71
         Chain mail        |       |    22 |    59 |    48 ||   129
         Plate armour      |       |       |       |   213 ||   213
  Dodge: Dodged            |    37 |    39 |    50 |   199 ||   325
  Block: Buckler           |    33 |    37 |       |       ||    70
         Reflection        |     1 |     2 |     7 |    18 ||    28
         Kite shield       |       |    47 |   173 |   789 ||  1009
